 Dungeon Crawl Stone Soup version 0.17-a0-15-g0155121 (console) character file.

640 MrRokkomies the Insei (level 7, -6/43 HPs)
             Began as an Octopode Transmuter on Mar 5, 2015.
             Was a Follower of Fedhas.
             Mangled by Duvessa
             ... wielding a +6 rapier of speed
              (12 damage)
             ... on level 4 of the Dungeon.
             The game lasted 00:16:20 (4442 turns).

MrRokkomies the Insei (Octopode Transmuter)         Turns: 4442, Time: 00:16:20

Health: -6/43      AC:  2    Str:  9    XL:     7   Next: 51%
Magic:  9/12       EV: 24    Int: 19    God:    Fedhas [*.....]
Gold:   171        SH:  0    Dex: 20    Spells: 4 memorised, 3 levels left

rFire  . . .     SeeInvis .       - Unarmed
rCold  . . .     Clarity  .     (shield currently unavailable)
rNeg   . . .     SustAb   .     (helmet currently unavailable)
rPois  x         Gourm    .     (no amulet)
rElec  .         Spirit   .     g - +4 ring of intelligence
rCorr  .         Warding  .     (no ring)
rMut   .         Stasis   .     (no ring)
MR     .....                    (no ring)
Stlth  ++........               (no ring)
                                (no ring)
                                (no ring)
                                (no ring)

@: spider-form, not resistant to hostile enchantments, unstealthy
A: almost no armour, amphibious, 8 rings, (constrict 8), (camouflage 0),
(gelatinous body 0)
a: End Transformation, Evolution, Renounce Religion


You were on level 4 of the Dungeon.
You worshipped Fedhas.
Fedhas was aware of your devotion.
You were not hungry.
You were a venomous arachnid creature.
You visited 1 branch of the dungeon, and saw 4 of its levels.

You collected 171 gold pieces.

Inventory:

Missiles
 b - 71 arrows
 c - 52 stones (quivered)
 h - 43 poisoned needles
 j - 4 arrows of frost
 l - a throwing net
Jewellery
 g - a +4 ring of intelligence (left front leg)
Scrolls
 f - a scroll of amnesia
 p - a scroll of teleportation
Potions
 e - a potion of curing
 i - 2 potions of cancellation
 m - a potion of brilliance {unknown}
 o - a potion of magic {unknown}
 q - a potion of ambrosia {unknown}
Books
 d - a book of Changes

   Spells                             Type                      Level
   a - Beastly Appendage              Transmutation                1
   b - Sticks to Snakes               Transmutation                2
   c - Spider Form                    Transmutation/Poison         3
   d - Ice Form                       Ice/Transmutation            4
   e - Blade Hands                    Transmutation                5
Comestibles
 a - 2 bread rations
 k - 7 fruits
 n - a slice of pizza
 r - a beef jerky


   Skills:
 - Level 1.0 Fighting
 - Level 5.0 Dodging
 * Level 6.4 Unarmed Combat
 - Level 2.0 Spellcasting
 * Level 3.5 Transmutations


You had 3 spell levels left.
You knew the following spells:

 Your Spells              Type           Power        Failure   Level  Hunger
a - Beastly Appendage     Trmt           ###...       14%         1    #......
b - Sticks to Snakes      Trmt           ###.......   21%         2    ###....
c - Spider Form           Trmt/Pois      #.........   50%         3    ###....
d - Magic Dart            Conj           #...         36%         1    #......


Dungeon Overview and Level Annotations

Branches:
Dungeon (4/15)
 Temple: D:4-7

Altars:
Cheibriados
Fedhas
Kikubaaqudgha
Nemelex Xobeh
Okawaru
Sif Muna
Vehumet

Shops:
D:4 :

Annotations:
D:4 Duvessa


Innate Abilities, Weirdness & Mutations

You cannot wear most types of armour.
You are amphibious.
You can wear up to eight rings at the same time.
((You can use your tentacles to constrict many enemies at once.))
((Your skin changes colour to match your surroundings (Stealth).))
((Your rubbery body absorbs attacks (AC +1).))


Message History

Read which item? (? for menu, Esc to quit)
Okay, then.
Unknown command.
Casting: Spider Form
Confirm with . or Enter, or press ? or * to list all spells.
You turn into a venomous arachnid creature.
Duvessa hits you with a rapier of speed!!
Ouch! That really hurt!
* * * LOW HITPOINT WARNING * * *
You bite Duvessa!
Duvessa is poisoned.
Duvessa is lightly wounded.
Duvessa closely misses you. Duvessa barely misses you.
You hit Duvessa but do no damage.
Duvessa looks even sicker.
Duvessa is lightly wounded.
Duvessa barely misses you.
You hit Duvessa.
Duvessa is moderately wounded.
Duvessa hits you with a rapier of speed!
You die...
Fedhas appreciates your contribution to the ecosystem.

#....# ##+#.# #####
#.######## ##._(##
#........###8...8###
#.......##8##.(.##8##
#.......#...##(##...#
#..e....#_..'...).:_#
#.......#...#.⌠)#...#
#.......##8##s..##8##
##
#).......###e..#####
.# #.######+....###
.# #.P.# #.#####
.###P#.## #.#
...PPP.⌠###.#
####.._..##.#
.....⌠.⌠....#
######...####


You could see Duvessa (berserk).

Vanquished Creatures
  2 ogres (D:4)
  A giant frog (D:3)
  Dowan (D:4)
  A goliath beetle (D:4)
  2 orc wizards
  3 worker ants (D:4)
  5 adders
  A gnoll (D:1)
  3 worms
  3 giant geckos
  An ooze (D:1)
  9 orcs
  12 bats
  5 hobgoblins
  3 jackals (D:3)
  11 kobolds
  2 quokkas
  A ball python (D:2)
  6 giant cockroaches
  6 giant newts
  13 goblins
  A jackal skeleton (D:4)
  A quokka skeleton (D:4)
  8 rats
101 creatures vanquished.

Vanquished Creatures (collateral kills)
  Menkaure (D:4)
  An orc priest (D:4)
  An orc wizard (D:4)
  An orc (D:4)
  A goblin (D:4)
  A kobold (D:4)
6 creatures vanquished.

Vanquished Creatures (others)
  2 wandering mushrooms (D:4)
  An orc wizard (D:3)
  37 toadstools
40 creatures vanquished.

Grand Total: 147 creatures vanquished

Notes
Turn   | Place    | Note
--------------------------------------------------------------
     0 | D:1      | MrRokkomies, the Octopode Transmuter, began the quest for the Orb.
     0 | D:1      | Reached XP level 1. HP: 13/13 MP: 3/3
   172 | D:1      | Reached XP level 2. HP: 18/18 MP: 2/4
   318 | D:1      | Reached XP level 3. HP: 1/23 MP: 4/6
   923 | D:1      | Learned a level 2 spell: Sticks to Snakes
   927 | D:1      | Learned a level 3 spell: Spider Form
  1309 | D:2      | Reached skill level 4 in Unarmed Combat
  1309 | D:2      | Reached XP level 4. HP: 26/28 MP: 0/7
  2200 | D:3      | Reached XP level 5. HP: 21/33 MP: 1/9
  2278 | D:3      | Found a blossoming altar of Fedhas.
  2289 | D:3      | Became a worshipper of Fedhas Madash
  2499 | D:3      | Found an iron altar of Okawaru.
  2499 | D:3      | Found a snail-covered altar of Cheibriados.
  2838 | D:3      | Reached skill level 5 in Unarmed Combat
  2919 | D:3      | Noticed a giant frog
  2928 | D:3      | Killed a giant frog
  2928 | D:3      | Reached XP level 6. HP: 19/38 MP: 10/10
  2981 | D:3      | Acquired Fedhas' first power
  3241 | D:4      | Noticed Menkaure
  3251 | D:4      | Killed Menkaure
  3552 | D:4      | Reached skill level 5 in Dodging
  3606 | D:4      | Found a sparkling altar of Nemelex Xobeh.
  3648 | D:4      | Noticed Dowan
  3651 | D:4      | Noticed Duvessa
  3789 | D:4      | Killed Dowan
  3998 | D:4      | Reached XP level 7. HP: 41/43 MP: 8/12
  4011 | D:4      | Reached skill level 6 in Unarmed Combat
  4258 | D:4      | Found Eneazuont's Book Emporium.
  4361 | D:4      | Found an ancient bone altar of Kikubaaqudgha.
  4365 | D:4      | Identified Kikubaaqudgha's Reference Book on Necromancy
  4369 | D:4      | Found a deep blue altar of Sif Muna.
  4376 | D:4      | Identified Sif Muna's Catalogue of Evil Rites (You found it on level 4 of the Dungeon)
  4380 | D:4      | Found a radiant altar of Vehumet.
  4403 | D:4      | Identified Vehumet's Guide on Confrontation
  4406 | D:4      | Learned a level 1 spell: Magic Dart
  4442 | D:4      | Mangled by Duvessa

Action                   |  1- 3 |  4- 6 |  7- 9 || total
-------------------------+-------+-------+-------++-------
Melee: Unarmed           |    82 |   146 |    38 ||   266
Throw: Stone             |     6 |       |       ||     6
 Cast: Beastly Appendage |     3 |     7 |       ||    10
       Spider Form       |     1 |     5 |     2 ||     8
Invok: Evolution         |       |     2 |       ||     2
  Use: Scroll            |     2 |     8 |     1 ||    11
       Potion            |       |     1 |       ||     1
 Stab: Sleeping          |     1 |     8 |     1 ||    10
       Confused          |       |     1 |       ||     1
  Eat: Chunk             |     1 |    10 |     2 ||    13
